 Dungeon Crawl Stone Soup version 0.28.0-53-g5a82cb258f (webtiles) character file.

Game seed: 9567055710546991529

21473 MiltankisOP the Transmogrifier (level 12, -5/121 HPs)
             Began as a Purple Draconian Transmuter on June 17, 2022.
             Was an Elder of Qazlal.
             Slain by a death yak (23 damage)
             ... on level 2 of the Lair of Beasts.
             The game lasted 00:34:33 (17110 turns).

MiltankisOP the Transmogrifier (DrTm)              Turns: 17110, Time: 00:34:33

Health: -5/121     AC:  9    Str: 12    XL:     12   Next: 54%
Magic:  12/15      EV: 20    Int: 19    God:    Qazlal [****..]
Gold:   826        SH:  5    Dex: 12    Spells: 8/15 levels left

rFire   x . .      SeeInvis .     - Unarmed
rCold   + + +      Faith    .   (shield currently unavailable)
rNeg    . . .      Spirit   .   (armour unavailable)
rPois   +          Reflect  .   (helmet currently unavailable)
rElec   .          Harm     .   (cloak currently unavailable)
rCorr   .          Rampage  .   (gloves currently unavailable)
Will    +....                   (boots currently unavailable)
Stlth   +.........              l - amulet of the acrobat
HPRegen 0.30/turn               K - +4 ring of evasion
MPRegen 0.14/turn               b - +4 ring of evasion

@: ice-form, wereblooded, repel missiles
A: freezing attack, amphibious, boosted hp, (breathe power), AC +8, large,
unfitting armour, (cold-blooded)
a: End Transformation, Renounce Religion, Upheaval, Elemental Force


You were on level 2 of the Lair of Beasts.
You worshipped Qazlal.
Qazlal was greatly pleased with you.
You were a creature of crystalline ice.
You visited 3 branches of the dungeon, and saw 14 of its levels.

You collected 826 gold pieces.

Inventory:

Missiles
 a - a throwing net
Armour
 h - a +0 pair of boots (melded)
 s - the +0 cloak of Ethics {+Inv rElec Int-5}
   (You found it on level 5 of the Dungeon)

   Int:       It affects your intelligence (-5).
   rElec:     It insulates you from electricity.
   +Inv:      It lets you turn invisible.
Jewellery
 b - a +4 ring of evasion (right front paw)
 d - an amulet of regeneration
 j - a ring of wizardry
 l - an amulet of the acrobat (around neck)
 m - a +6 ring of strength
 r - a +6 ring of dexterity
 F - a +6 ring of intelligence
 G - a +6 ring of intelligence
 K - a +4 ring of evasion (left front paw)
 L - a ring of willpower
 M - the ring of Pica {rElec EV+4 Str-2 Slay+3}
   (You took it off a tengu warrior on level 11 of the Dungeon)

   [ring of evasion]

   EV:        It affects your evasion (+4).
   Str:       It affects your strength (-2).
   Slay:      It affects your accuracy & damage with ranged weapons and melee
   (+3).
   rElec:     It insulates you from electricity.
 N - a ring of resist corrosion
 P - a ring of ice
Wands
 o - a wand of polymorph (17)
 B - a wand of iceblast (6)
 D - a wand of paralysis (3)
Scrolls
 e - 7 scrolls of identify
 g - 2 scrolls of teleportation
 n - a scroll of holy word {unknown}
 q - a scroll of acquirement {unknown}
 t - 4 scrolls of blinking {unknown}
 v - 2 scrolls of immolation {unknown}
 w - 2 scrolls of enchant weapon {unknown}
 y - a scroll of magic mapping {unknown}
 A - 3 scrolls of noise {unknown}
 C - a scroll of enchant armour {unknown}
 E - 4 scrolls of fear {unknown}
 O - 2 scrolls of amnesia {unknown}
 Q - a scroll of silence {unknown}
 R - a scroll of vulnerability {unknown}
Potions
 c - 4 potions of attraction
 f - 2 potions of resistance
 i - 2 potions of cancellation
 k - 5 potions of mutation
 p - 2 potions of magic
 u - 4 potions of lignification
 x - 2 potions of berserk rage {unknown}
 z - 3 potions of curing {unknown}
 H - 3 potions of might {unknown}
 I - 2 potions of invisibility {unknown}
 J - a potion of flight {unknown}


   Skills:
 - Level 8.0 Fighting
 - Level 8.1 Dodging
 - Level 11.0 Unarmed Combat
 - Level 2.4 Spellcasting
 + Level 14.1 Transmutations
 - Level 4.0 Ice Magic


You had 8 spell levels left.
You knew the following spells:

 Your Spells              Type           Power      Damage    Failure   Level
a - Beastly Appendage     Tmut           100%       N/A       1%          1
b - Wereblood             Tmut           54%        N/A       1%          2
c - Ice Form              Ice/Tmut       36%        N/A       3%          4

Your spell library contained the following spells:

 Spells                   Type           Power      Damage    Failure   Level
 Passwall                 Tmut/Erth      24%        N/A       1%          2
 Blade Hands              Tmut           27%        N/A       1%          5
 Spider Form              Tmut/Pois      29%        N/A       2%          3
 Petrify                  Tmut/Erth      29%        N/A       9%          4
 Animate Skeleton         Necr           4%         N/A       16%         1
 Apportation              Tloc           4%         N/A       16%         1
 Foxfire                  Conj/Fire      8%         2x1d4     16%         1
 Pain                     Necr           8%         1d4       16%         1
 Sandblast                Erth           4%         2d4       16%         1
 Summon Small Mammal      Summ           8%         N/A       16%         1
 Blink                    Tloc           4%         N/A       24%         2
 Static Discharge         Conj/Air       2%         N/A       24%         2
 Conjure Flame            Conj/Fire      2%         6-21      43%         3
 Gell's Gravitas          Tloc           2%         N/A       43%         3
 Inner Flame              Hex/Fire       2%         N/A       43%         3
 Lesser Beckoning         Tloc           2%         N/A       43%         3
 Portal Projectile        Hex/Tloc       4%         N/A       43%         3
 Stone Arrow              Conj/Erth      4%         3d7       43%         3
 Teleport Other           Tloc           2%         N/A       43%         3
 Vampiric Draining        Necr           2%         2d6       43%         3
 Statue Form              Tmut/Erth      19%        N/A       80%         6
 Dispel Undead            Necr           2%         3d7       85%         4
 Flame Wave               Conj/Fire      2%         2d4       85%         4
 Sticky Flame             Conj/Fire      2%         2d3       85%         4
 Metabolic Englaciation   Hex/Ice        4%         N/A       89%         5
 Excruciating Wounds      Necr           1%         N/A       99%         5
 Manifold Assault         Tloc           2%         N/A       99%         5


Dungeon Overview and Level Annotations

Branches:
Dungeon (11/15)            Temple (1/1) D:4            Lair (2/6) D:8
    Orc (0/2) D:9
  Swamp: Lair:2-4    Shoals: Lair:2-4     Snake: Lair:2-4    Spider: Lair:2-4

Altars:
Ashenzari
Cheibriados
Dithmenos
Elyvilon
Fedhas
Gozag
Hepliaklqana
Kikubaaqudgha
Makhleb
Nemelex Xobeh
Okawaru
Qazlal
Ru
Sif Muna
Trog
Uskayaw
Vehumet
Wu Jian
Xom
Yredelemnul
Zin
The Shining One
Beogh

Shops:
D:1 !   D:7 *   D:9 *

Annotations:
D:2 1 runed translucent door, Crazy Yiuf


Innate Abilities, Weirdness & Mutations

You are a creature of crystalline ice.
You have a powerful freezing melee attack.
You are amphibious.
Your maximum health is increased.
Your armour is entirely melded.
You are incapable of wielding weapons or throwing items.
((You can breathe bolts of dispelling energy.))
((Your rich purple scales are hard. (AC +8)))
You cannot fit into any form of body armour.
((You are cold-blooded and may be slowed by cold attacks.))


Message History

The death yak gores you.
You punch the death yak! You freeze the death yak.
The death yak is severely wounded.
The death yak gores you!
You punch the death yak! You freeze the death yak.
The death yak is almost dead.
You punch the death yak! You freeze the death yak.
You feel a bit better.
You kill the death yak!
Qazlal accepts your kill.
Your Transmutations skill increases to level 14!
You hit the death yak but do no damage. You block the death yak's attack.
You punch the death yak! You freeze the death yak.
The death yak is moderately wounded.
The death yak barely misses you.
You hit the death yak. You freeze the death yak.
The death yak is moderately wounded.
You hit the death yak but do no damage.
The death yak is moderately wounded.
The death yak gores you!
You hit the death yak. You freeze the death yak.
The death yak is moderately wounded.
The death yak completely misses you.
You punch the death yak! You freeze the death yak.
The death yak is heavily wounded.
The death yak misses you.
You hit the death yak but do no damage.
The death yak is heavily wounded.
You howl as the wereblood boils in your veins!
The death yak gores you.
* * * LOW HITPOINT WARNING * * *
You hit the death yak. You freeze the death yak.
The death yak is heavily wounded.
You hit the death yak. You freeze the death yak.
The death yak is severely wounded.
The death yak gores you!
* * * LOW HITPOINT WARNING * * *
You hit the death yak but do no damage.
The death yak is severely wounded.
The death yak gores you!!
You die...

#..#.#............
#..##..#.#........
#..######.........
##.P## ##........ #....#
#######.# #..### #....
#.○# #### ....... #..#
##PP##....... #Y##
#...##.......
#Y####.........###
#Y..##......P.#
#....#....P.## ##.
#....#......#####
#....###................
#.............P......#P
##P##.#....P.........#
##.....#####†....#


You could see 2 death yaks.

Vanquished Creatures
  2 hydras
  A boulder beetle (Lair:1)
  2 centaur warriors
  2 two-headed ogres
  A tengu warrior (D:11)
  4 death yaks (Lair:2)
  An ugly thing (D:11)
  A cyclops (D:11)
  4 elephants (Lair:1)
  A water nymph (shapeshifter) (D:11)
  Maggie (D:9)
  A cane toad (Lair:1)
  Psyche (D:9)
  7 komodo dragons
  A wraith (D:11)
  24 yaks
  An acid dragon (D:10)
  4 water moccasins
  An ice beast (D:5)
  6 orc warriors
  2 sky beasts (D:6)
  4 black bears
  3 ogres
  A hornet zombie (D:8)
  3 centaurs
  3 necrophages
  2 phantoms
  3 kobold brigands
  A wyvern zombie (D:6)
  4 bullfrogs
  2 gnoll sergeants
  4 scorpions
  A water moccasin zombie (D:6)
  16 killer bees
  5 wights (D:8)
  8 howler monkeys
  A centaur zombie (D:6)
  A bullfrog skeleton (D:5)
  2 hounds
  2 gnoll shamans
  6 orc priests
  A centaur skeleton (D:4)
  2 iguanas (D:4)
  7 orc wizards
  A hound skeleton (D:4)
  A howler monkey skeleton (D:7)
  3 howler monkey zombies
  17 gnolls
  5 adders
  3 ufetubi
  A worm (D:4)
  5 dart slugs
  35 orcs
  4 endoplasms
  4 giant cockroaches
  11 goblins
  9 hobgoblins
  14 kobolds
  4 quokkas
  10 ball pythons
  4 bats
  2 frilled lizards
  7 rats
290 creatures vanquished.

Vanquished Creatures (others)
  45 fungi
  33 plants
78 creatures vanquished.

Grand Total: 368 creatures vanquished

Notes
Turn   | Place    | Note
-------+----------+-------------------------------------------
     0 | D:1      | MiltankisOP the Draconian Transmuter began the quest for
                  | the Orb.
     0 | D:1      | Reached XP level 1. HP: 16/16 MP: 3/3
   192 | D:1      | Found a faded altar of an unknown god.
   268 | D:1      | Found Gairidwi's Distillery.
   393 | D:1      | Reached XP level 2. HP: 21/23 MP: 3/5
  1210 | D:2      | Reached XP level 3. HP: 28/28 MP: 4/6
  1600 | D:2      | Found a runed translucent door.
  1601 | D:2      | Noticed Crazy Yiuf
  1655 | D:3      | Noticed an ogre
  1666 | D:3      | Killed an ogre
  1667 | D:3      | Reached skill level 5 in Unarmed Combat
  1667 | D:3      | Reached XP level 4. HP: 35/35 MP: 5/7
  1985 | D:3      | Reached XP level 5. HP: 40/40 MP: 6/8
  2751 | D:4      | Reached XP level 6. HP: 33/47 MP: 9/9
  2994 | D:4      | Found a staircase to the Ecumenical Temple.
  3006 | Temple   | Entered the Ecumenical Temple
  3309 | Temple   | Became a worshipper of Qazlal Stormbringer
  3577 | D:5      | Entered Level 5 of the Dungeon
  3608 | D:5      | Noticed an ice beast
  3630 | D:5      | Found a hide-covered altar of Uskayaw.
  4015 | D:5      | Your scales start taking on a rich purple colour.
  4015 | D:5      | Reached XP level 7. HP: 49/52 MP: 10/10
  4437 | D:5      | Identified the +0 cloak of Ethics {+Inv rElec Int-5}
  4449 | D:5      | Reached skill level 5 in Fighting
  4866 | D:6      | Reached XP level 8. HP: 62/71 MP: 11/11
  5214 | D:6      | Reached * piety under Qazlal
  5667 | D:6      | Found an iron altar of Okawaru.
  5667 | D:6      | Found a sparkling altar of Nemelex Xobeh.
  5669 | D:6      | Found a white marble altar of Elyvilon.
  5775 | D:7      | Reached skill level 5 in Dodging
  6035 | D:7      | Found a glowing golden altar of the Shining One.
  6135 | D:7      | Found Guorr's Overcharged Wands.
  6194 | D:7      | Reached XP level 9. HP: 79/81 MP: 10/12
  6343 | D:7      | Found a hazy altar of Hepliaklqana.
  6359 | D:7      | Found an opulent altar of Gozag.
  7324 | D:8      | Reached skill level 3 in Transmutations
  7429 | D:8      | Noticed a komodo dragon
  7519 | D:8      | Killed a komodo dragon
  7520 | D:8      | Reached skill level 4 in Transmutations
  7757 | D:8      | Reached skill level 5 in Transmutations
  7824 | D:8      | Found a snail-covered altar of Cheibriados.
  7881 | D:8      | Noticed a two-headed ogre
  7933 | D:8      | Killed a two-headed ogre
  7934 | D:8      | Reached skill level 7 in Transmutations
  8169 | D:8      | Found a staircase to the Lair.
  8199 | D:8      | Reached skill level 8 in Transmutations
  8217 | D:8      | Reached XP level 10. HP: 81/88 MP: 13/13
  8444 | D:8      | Reached ** piety under Qazlal
  9061 | D:9      | Found Ynism's Gadget Gallery.
  9084 | D:9      | Reached skill level 9 in Transmutations
  9394 | D:9      | Reached skill level 10 in Transmutations
  9597 | D:9      | Learned a level 2 spell: Wereblood
  9797 | D:9      | Reached skill level 1 in Ice Magic
  9831 | D:9      | Found a staircase to the Orcish Mines.
 10036 | D:9      | Noticed Psyche
 10041 | D:9      | Killed Psyche
 10245 | D:9      | Noticed a centaur warrior
 10251 | D:9      | Noticed Maggie
 10263 | D:9      | Killed a centaur warrior
 10289 | D:9      | Killed Maggie
 10616 | D:9      | Reached *** piety under Qazlal
 11209 | D:10     | Entered Level 10 of the Dungeon
 11935 | D:10     | Reached XP level 11. HP: 21/94 MP: 12/14
 12914 | D:11     | Learned a level 4 spell: Ice Form
 12987 | D:11     | Noticed a two-headed ogre
 13030 | D:11     | Killed a two-headed ogre
 13414 | D:11     | Noticed a brown ugly thing
 13427 | D:11     | Killed a brown ugly thing
 13756 | D:11     | Noticed a centaur warrior
 13778 | D:11     | Killed a centaur warrior
 13779 | D:11     | Reached skill level 10 in Unarmed Combat
 13913 | D:11     | Identified the ring of Pica {rElec EV+4 Str-2 Slay+3}
 13913 | D:11     | Noticed a tengu warrior
 13921 | D:11     | Killed a tengu warrior
 13922 | D:11     | Noticed a four-headed hydra
 13930 | D:11     | Killed a four-headed hydra
 13985 | D:11     | Identified the +3 arbalest "Pywad" {vorpal, Will++ Str+3
                  | Int-2}
 13987 | D:11     | Noticed a shining eye
 13987 | D:11     | a merfolk changed into a shining eye
 14013 | D:11     | a shining eye changed into a torpor snail
 14027 | D:11     | Noticed a sea snake
 14028 | D:11     | a sea snake changed into a water nymph
 14324 | D:11     | Noticed a centaur warrior
 14326 | D:11     | Noticed an ettin
 14701 | Lair:1   | Entered Level 1 of the Lair of Beasts
 14890 | D:8      | Reached skill level 11 in Transmutations
 15501 | Lair:1   | Reached **** piety under Qazlal
 15562 | Lair:1   | Reached XP level 12. HP: 101/101 MP: 9/15
 15615 | Lair:1   | Noticed a boulder beetle
 15636 | Lair:1   | Killed a boulder beetle
 15637 | Lair:1   | Reached skill level 12 in Transmutations
 15947 | Lair:1   | Noticed a four-headed hydra
 15953 | Lair:1   | Killed a four-headed hydra
 16764 | Lair:1   | Reached skill level 13 in Transmutations
 17055 | Lair:2   | Noticed a death yak
 17058 | Lair:2   | Noticed a death yak
 17059 | Lair:2   | Noticed a death yak
 17059 | Lair:2   | Noticed a death yak
 17059 | Lair:2   | Noticed a death yak
 17061 | Lair:2   | Noticed a death yak
 17082 | Lair:2   | Killed a death yak
 17092 | Lair:2   | Killed a death yak
 17096 | Lair:2   | Killed a death yak
 17100 | Lair:2   | Killed a death yak
 17101 | Lair:2   | Reached skill level 14 in Transmutations
 17110 | Lair:2   | Slain by a death yak

Illustrated notes

Levels and vault maps discovered:
D:1:      sevenhm_arrival_forest_fort_large_1, layout_loops_ring, serial_shops,
          nicolae_shop_statue_plus, dreamdust_ecumenical_altar_angels_and_demons
D:2:      layout_loops_ring, nrook_mini_backslash, kennysheep_generic_room_6,
          uniq_crazy_yiuf_cottage
D:3:      layout_basic
D:4:      layout_cave_pools, minmay_temple_entry_large_hall
D:5:      layout_loops_corners, mainiacjoe_overflow_six_doors_small,
          kennysheep_generic_room_9
D:6:      layout_basic, nicolae_overflow_hidden_temple, hex_tiny,
          small_statue_intersection
D:7:      layout_layer_cave, mainiacjoe_overflow_brackets,
          nicolae_overflow_squiral, enter_bailey_7,
          nicolae_shop_overcharged_wands
D:8:      layout_gridville, kennysheep_little_box, due_lair_maze_entry_diamond,
          minmay_misc_feat_square, minivault_22
D:9:      layout_loops_ring, david_orc_5, nicolae_shop_gadgets, uniq_maggie,
          uniq_psyche
D:10:     layout_irregular_city
D:11:     minmay_tearing_corner, layout_irregular_city
Temple:   minmay_temple_curvy_branch
Lair:1:   layout_hall_layers, nzn_sisyphean_effort
Lair:2:   layout_misc_corridors, hibernation_bobbens

Skill      XL: |  1  2  3  4  5  6  7  8  9 10 11 12 |
---------------+-------------------------------------+-----
Unarmed Combat | 4 5 6 8 11 | 11.0
Fighting       | 6 8 |  8.0
Dodging        | 5 6 7 8 |  8.1
Transmutations | 8 10 11 14 | 14.1
Ice Magic      | 4 |  4.0
Spellcasting   | |  2.4

Action                   |  1- 3 |  4- 6 |  7- 9 | 10-12 || total
-------------------------+-------+-------+-------+-------++-------
Melee: Unarmed           |    79 |   137 |   292 |   673 ||  1181
       Kick              |    15 |    33 |    87 |   178 ||   313
       Headbutt          |     5 |    14 |    54 |   106 ||   179
       Tailslap          |     4 |    17 |    43 |    74 ||   138
       Punch             |     3 |     1 |    12 |    30 ||    46
 Cast: Beastly Appendage |    22 |    32 |    44 |    44 ||   142
       Wereblood         |       |       |       |     8 ||     8
       Ice Form          |       |       |       |    13 ||    13
 Abil: Breathe Dispellin |       |       |     3 |     2 ||     5
Evoke: Wand              |       |       |     2 |     5 ||     7
  Use: Scroll            |       |       |     6 |     2 ||     8
       Potion            |       |       |     1 |     2 ||     3
 Stab: Paralysed         |       |       |       |     4 ||     4
Armor: Skin              |    19 |    16 |    45 |    81 ||   161
Dodge: Dodged            |    52 |   120 |   270 |   556 ||   998
Block: Other             |       |       |    11 |    82 ||    93
